[Event "*** Titled Tuesday Blitz"]
[Site "Chess.com"]
[Date "2020.11.24"]
[Round "6"]
[White "kanzaww"]
[Black "Iskusnyh"]
[Result "0-1"]
[WhiteElo "2462"]
[BlackElo "2591"]
[TimeControl "180+1"]
[EndTime "11:21:53 PST"]
[Termination "Iskusnyh won on time"]

1. e4 e6 2. d4 d5 3. Nc3 Nf6 4. e5 Nfd7 5. f4 c5 6. Nf3 Nc6 7. Be3 Rb8 8. Qd2 Qa5 9. Be2 b5 10. O-O b4 11. Nd1 cxd4 12. Nxd4 Nxd4 13. Bxd4 Bc5 14. Kh1 Ba6 15. Bxa6 Qxa6 16. Ne3 Qb6 17. Bxc5 Nxc5 18. f5 Ne4 19. Qe2 O-O 20. f6 gxf6 21.
exf6 Kh8 22. Ng4 Qd4 23. Rad1 Qxb2 24. Rd3 Rbc8 25. Qe3 Qxc2 26. Qh6 Rg8 27. Rh3 Ng5 28. Ne5 Qf5 29. Nxf7+ Nxf7 0-1

[Event "*** Titled Tuesday Blitz"]
[Site "Chess.com"]
[Date "2020.11.24"]
[Round "6"]
[White "Mikhail_Golubev"]
[Black "eCztery"]
[Result "1-0"]
[WhiteElo "2564"]
[BlackElo "2347"]
[TimeControl "180+1"]
[EndTime "11:21:55 PST"]
[Termination "Mikhail_Golubev won on time"]

1. e4 c5 2. Nf3 g6 3. Nc3 Nc6 4. d4 cxd4 5. Nxd4 Bg7 6. Be3 Nf6 7. Nxc6 bxc6 8. e5 Ng8 9. Bd4 f6 10. f4 Qa5 11. Qd2 fxe5 12. fxe5 Rb8 13. O-O-O c5 14. Be3 Bxe5 15. Bc4 Nf6 16. Rhe1 Ne4 17. Qd5 Bxc3 18.
Bb3 Bxe1 19. Qxe4 e6 20. Qe5 O-O 21. Bh6 Bd2+ 22. Rxd2 Rf1+ 23. Rd1 1-0

[Event "*** Titled Tuesday Blitz"]
[Site "Chess.com"]
[Date "2020.11.24"]
[Round "6"]
[White "TigrVShlyape"]
[Black "Beca95"]
[Result "1/2-1/2"]
[WhiteElo "2823"]
[BlackElo "2925"]
[TimeControl "180+1"]
[EndTime "11:21:56 PST"]
[Termination "Game drawn by repetition"]

1. d4 Nf6 2. Nf3 d6 3. Bf4 g6 4. h3 Bg7 5. c3 O-O 6. Nbd2 c5 7. dxc5 dxc5 8. e4 Nc6 9. Be2 Nh5 10. Bh2 e5 11. O-O Nf4 12. Bc4 Na5 13. Bxf4 Nxc4 14. Bg5 Qd3 15. Be7 Nxd2 16. Qxd2 Qxd2 17. Nxd2 Re8 18. Bxc5 b6 19. Be3 Ba6 20. Rfd1 Bd3 21. f3 f5 22. exf5 gxf5 23. Nf1 e4 24. fxe4 fxe4 25.
Ng3 Be5 26. Nf5 h5 27. Rd2 Kh7 28. Rf2 Rf8 29. Bd4 e3 30. Rf3 Rxf5 31. Rxf5 Bxf5 32.
Bxe5 e2 33. Kf2 Re8 34. Bd4 Bd3 35. Re1 Kg6 36. g4 hxg4 37. hxg4 Re4 38. Kf3 Re6 39. Be3 a5 40. b3 b5 41. Bd2 a4 42.
bxa4 bxa4 43. a3 Bc4 44. Be3 Bd3 45. Bd4 Bc4 46. Kf4 Bd3 47. Kf3 Bc4 48. Kf4 Bd3 49. Kf3 1/2-1/2

[Event "*** Titled Tuesday Blitz"]
[Site "Chess.com"]
[Date "2020.11.24"]
[Round "6"]
[White "juancruzarias"]
[Black "OsorioFernando"]
[Result "1-0"]
[WhiteElo "2550"]
[BlackElo "2337"]
[TimeControl "180+1"]
[EndTime "11:21:59 PST"]
[Termination "juancruzarias won by checkmate"]

1. e4 d5 2. exd5 Nf6 3. Nf3 Bg4 4. Be2 Qxd5 5. d4 Nc6 6. O-O O-O-O 7. c4 Qh5 8. Be3 e5 9. d5 e4 10. Nd4 Nxd4 11. Bxg4+ Nxg4 12. h3 Nf3+ 13. gxf3 Qxh3 14. fxg4 Bd6 15. Re1 Bh2+ 16. Kh1 f5 17. gxf5 Rd6 18.
Qc2 Re8 19. Qa4 Re5 20. Qxa7 Rh6 21. Qa8+ Kd7 22. Qa4+ Kd8 23. Bg5+ Kc8 24. Qa8+ Kd7 25. Qd8# 1-0

[Event "*** Titled Tuesday Blitz"]
[Site "Chess.com"]
[Date "2020.11.24"]
[Round "6"]
[White "Vladislav_Chizhikov"]
[Black "Caisachess"]
[Result "1-0"]
[WhiteElo "2527"]
[BlackElo "2385"]
[TimeControl "180+1"]
[EndTime "11:21:59 PST"]
[Termination "Vladislav_Chizhikov won by resignation"]

1. e4 e5 2. Nf3 Nc6 3. Bb5 f5 4. d3 fxe4 5. dxe4 Nf6 6. Qd3 Bb4+ 7. c3 Bc5 8. O-O d6 9. Bc4 Bg4 10. Be3 Bb6 11. Nbd2 Qe7 12. b4 Nd8 13. a4 Ne6 14. a5 Bxe3 15. fxe3 O-O 16. h3 Bxf3 17. gxf3 Kh8 18.
Kh2 Rae8 19. a6 b6 20. Rg1 h6 21. Rg6 Ng5 22. h4 Ne6 23. Rag1 Rf7 24. Qf1 c6 25. Qh3 d5 26. exd5 cxd5 27. Bb5 Rc8 28. c4 d4 29. Ne4 Nxe4 30. Rxe6 Qxb4 31. Rxh6+ gxh6 32. Qxc8+ Rf8 33. Qe6 Qd2+ 34. Rg2 Qxe3 35. Qxe5+ Nf6 36. Qxe3 dxe3 37. Re2 Rd8 38. Rxe3 Rd2+ 39. Kh3 Kg7 40. Re7+ Kg6 41. Rxa7 Nh5 42. Be8+ 1-0

[Event "*** Titled Tuesday Blitz"]
[Site "Chess.com"]
[Date "2020.11.24"]
[Round "6"]
[White "sbouchet"]
[Black "Eternauta2400"]
[Result "1-0"]
[WhiteElo "2328"]
[BlackElo "2429"]
[TimeControl "180+1"]
[EndTime "11:21:59 PST"]
[Termination "sbouchet won on time"]

1. e4 c5 2. c4 Nc6 3. Nc3 e6 4. g3 Nf6 5. Bg2 d5 6. cxd5 exd5 7. exd5 Nb4 8. Nge2 Nbxd5 9. O-O Be6 10. d4 Nxc3 11. bxc3 Qd7 12. Nf4 Bc4 13. Re1+ Be7 14. Be3 O-O 15.
dxc5 Qc7 16. Qa4 Ba6 17. Bd4 Bxc5 18. Bxf6 gxf6 19. Nd5 Qd6 20. Rad1 Kh8 21. Qh4 Rae8 22. Nxf6 Rxe1+ 23. Rxe1 Bd3 24. Be4 Bxe4 25. Rxe4 Qd1+ 26.
Kg2 h5 27. Qg5 1-0

[Event "*** Titled Tuesday Blitz"]
[Site "Chess.com"]
[Date "2020.11.24"]
[Round "6"]
[White "machupichu10"]
[Black "ChessWarrior7197"]
[Result "0-1"]
[WhiteElo "2755"]
[BlackElo "2999"]
[TimeControl "180+1"]
[EndTime "11:22:00 PST"]
[Termination "ChessWarrior7197 won by resignation"]

1. d4 Nf6 2. Bf4 d5 3. e3 c5 4. c3 Nc6 5. Nd2 Qb6 6. Qb3 c4 7. Qc2 g6 8. e4 Nxe4 9. Nxe4 dxe4 10.
Bxc4 Bf5 11. Be3 Qc7 12. Be2 Bg7 13. g4 Bd7 14. Qd2 O-O-O 15. Nh3 f5 16. Ng5 Rhf8 17. gxf5 gxf5 18. d5 f4 19. dxc6 Bxc6 20. Bg4+ Kb8 21. Bd4 e5 22. Ne6 Qe7 23. Nxd8 Rxd8 24.
O-O-O exd4 25. Qxf4+ Be5 26. Qh6 Rd6 27. Qh5 dxc3 28. Rxd6 cxb2+ 29. Kb1 Qxd6 30. Rd1 Qc5 31. Qxh7 a6 32. Qg8+ Ka7 33. Qb3 e3 34. Qxe3 Qxe3 0-1

[Event "*** Titled Tuesday Blitz"]
[Site "Chess.com"]
[Date "2020.11.24"]
[Round "6"]
[White "Shankland"]
[Black "QuintilianoR"]
[Result "1-0"]
[WhiteElo "2900"]
[BlackElo "2670"]
[TimeControl "180+1"]
[EndTime "11:22:02 PST"]
[Termination "Shankland won on time"]

1. e4 c5 2. Nf3 d6 3. d4 cxd4 4. Nxd4 Nf6 5. Nc3 a6 6. Be3 e5 7. Nb3 Be6 8. h3 Be7 9. Qf3 O-O 10.
g4 b5 11. g5 Nfd7 12. h4 Nb6 13. O-O-O N8d7 14. Kb1 Nc4 15. Bc1 Qc7 16. Bh3 Bxh3 17. Nd5 Qd8 18. Qxh3 Ndb6 19. Nxb6 Nxb6 20. f4 Qc8 21. f5 Qc6 22. Qg2 Rfc8 23. f6 Bf8 24. h5 Nd7 25. Rdf1 a5 26. fxg7 Bxg7 27. g6 a4 28. gxf7+ Kh8 29. Rhg1 1-0

[Event "*** Titled Tuesday Blitz"]
[Site "Chess.com"]
[Date "2020.11.24"]
[Round "6"]
[White "SchmakAttack"]
[Black "petrpalachev"]
[Result "0-1"]
[WhiteElo "2504"]
[BlackElo "2724"]
[TimeControl "180+1"]
[EndTime "11:22:02 PST"]
[Termination "petrpalachev won on time"]

1. e4 d6 2. d4 Nf6 3. Nc3 e5 4.
Nf3 Nbd7 5. Bc4 Be7 6. a4 O-O 7.
O-O c6 8. Re1 exd4 9. Qxd4 Nc5 10. h3 Be6 11. Be3 Re8 12. Rad1 Bf8 13. Bf1 d5 14.
exd5 Nxd5 15. Bg5 Qc7 16. Bh4 Nxc3 17. Qxc3 Bd5 18. Bg3 Qb6 19. a5 Rxe1 20. Rxe1 Qd8 21. Nd2 b5 22. Be5 Ne6 23. Nb3 f6 24. Bg3 Qd7 25. Nd4 Nxd4 26. Qxd4 Rd8 27. c3 Bb3 28. Qxd7 Rxd7 29. a6 Kf7 30. Be2 Bd6 31. Bg4 Rd8 32.
Bxd6 Rxd6 33. Bc8 Rd2 34. Bb7 c5 35. Re3 Rxb2 36. Bc6 b4 37. cxb4 c4 0-1

[Event "*** Titled Tuesday Blitz"]
[Site "Chess.com"]
[Date "2020.11.24"]
[Round "6"]
[White "ChronicUnhappiness"]
[Black "politeplayer"]
[Result "1-0"]
[WhiteElo "2367"]
[BlackElo "2239"]
[TimeControl "180+1"]
[EndTime "11:22:02 PST"]
[Termination "ChronicUnhappiness won by resignation"]

1. c4 e6 2. g3 d5 3. Bg2 Nf6 4. Nf3 c5 5. O-O Nc6 6. cxd5 exd5 7. d4 Be7 8. Nc3 O-O 9. Bg5 c4 10. Ne5 Be6 11. Bxf6 Bxf6 12. Nxc4 dxc4 13. d5 Bxc3 14. bxc3 Bd7 15. dxc6 Bxc6 16. Bxc6 bxc6 17. Qa4 Qd5 18. Rad1 Qb5 19. Qa3 Rfe8 20. e3 h5 21. Rd4 a5 22.
Rfd1 Rab8 23. h4 g6 24. Rd7 Qf5 25. Ra7 Qg4 26. Qd6 Rbd8 27. Qxd8 Rxd8 28. Rxd8+ Kg7 29.
Rdd7 Qf5 30. Rxf7+ Qxf7 31. Rxf7+ Kxf7 32. e4 Ke6 33. f4 c5 34. a4 Kf6 35. Kf2 Ke6 36. Kf3 Kf6 37. g4 hxg4+ 38. Kxg4 Ke6 39. Kg5 Kf7 40. h5 1-0

[Event "*** Titled Tuesday Blitz"]
[Site "Chess.com"]
[Date "2020.11.24"]
[Round "6"]
[White "Savva09022009"]
[Black "Satscho"]
[Result "1-0"]
[WhiteElo "2547"]
[BlackElo "2333"]
[TimeControl "180+1"]
[EndTime "11:22:03 PST"]
[Termination "Savva09022009 won by resignation"]

1. d4 Nf6 2. Nc3 d5 3. Bf4 g6 4. Qd2 Bg7 5. O-O-O O-O 6. Bh6 c5 7. Bxg7 Kxg7 8. dxc5 Be6 9. e4 Qa5 10. exd5 Bxd5 11. Nxd5 Qxa2 12. Nc3 Qa1+ 13. Nb1 Nc6 14. Nf3 a5 15. Qe3 Nb4 16. Bc4 Qa4 17. Na3 Nxc2 18. Qb3 Qc6 19. Qxc2 Qxc5 20. Kb1 Rfc8 21. Qe2 b5 22.
Bxb5 Rab8 23. Rc1 Qf5+ 24. Qd3 Rxb5 25. Qxf5 Rxc1+ 26. Rxc1 Rxf5 27. Rc7 e5 28. Rc5 Ne4 29. Rxe5 Rxe5 30. Nxe5 Nxf2 31. Nac4 f5 32. Nxa5 Kf6 33. Nac6 g5 34. b4 h5 35. b5 Ne4 36. b6 Nd6 37. Nc4 Nb7 38. N4a5 Nc5 39. b7 Nxb7 40. Nxb7 f4 41.
Kc2 Kf5 42. Kd3 g4 43. Nd4+ Kg5 44. Nd6 f3 45. g3 h4 46. Ne4+ Kh5 47. Ke3 hxg3 48.
hxg3 f2 49. Nxf2 1-0

[Event "*** Titled Tuesday Blitz"]
[Site "Chess.com"]
[Date "2020.11.24"]
[Round "6"]
[White "Shahinyan_ChessMood"]
[Black "Roman_Ovetchkin"]
[Result "0-1"]
[WhiteElo "2828"]
[BlackElo "2639"]
[TimeControl "180+1"]
[EndTime "11:22:04 PST"]
[Termination "Roman_Ovetchkin won by resignation"]

1. e4 c6 2. d4 d5 3. exd5 cxd5 4. Bd3 Nc6 5. c3 Nf6 6. Bf4 Bg4 7. Qb3 e5 8. h3 exf4 9. hxg4 Bd6 10. g5 Qe7+ 11. Kf1 Ne4 12. Qd1 Nxg5 13. Nd2 O-O-O 14.
Ngf3 Ne4 15. Qc2 f5 16. Re1 Qf6 17. Qb3 Bc7 18. Bb5 a6 19. Bxc6 Qxc6 20. Rh4 g5 21. Rh5 Qg6 22. Rh1 g4 23. Nxe4 gxf3 24. gxf3 fxe4 25. fxe4 f3 26. Rg1 Qh5 27. Re3 Rhg8 28. Rxg8 Rxg8 29. Ke1 Bf4 30. Qb6 Bxe3 31. Qe6+ Kc7 32.
Qe7+ Kb8 33. Qe5+ Qxe5 0-1

[Event "*** Titled Tuesday Blitz"]
[Site "Chess.com"]
[Date "2020.11.24"]
[Round "6"]
[White "MattyDPerrine"]
[Black "BebeBonito2022"]
[Result "1-0"]
[WhiteElo "2376"]
[BlackElo "2104"]
[TimeControl "180+1"]
[EndTime "11:22:04 PST"]
[Termination "MattyDPerrine won on time"]

1. e4 e5 2. Nf3 Nc6 3. d4 exd4 4.
Nxd4 Nf6 5. Nxc6 bxc6 6. e5 Qe7 7. Qe2 Nd5 8. h4 f6 9. c4 Ba6 10. Rh3 fxe5 11. Bg5 Nf6 12. Re3 O-O-O 13. Rxe5 Qf7 14. Nc3 Bb4 15. O-O-O Bxc3 16. Re7 Qg6 17. bxc3 Rhe8 18.
Qe3 Rxe7 19. Qxe7 Re8 20. Qc5 Bb7 21. Bd3 Qf7 22. Bf5 Ne4 23. Rxd7 Nxc5 24. Rxf7+ Kb8 25.
Rxg7 Rf8 26. g4 Ba6 27. Be7 1-0

[Event "*** Titled Tuesday Blitz"]
[Site "Chess.com"]
[Date "2020.11.24"]
[Round "6"]
[White "mr65"]
[Black "sboshaon21"]
[Result "0-1"]
[WhiteElo "2199"]
[BlackElo "2097"]
[TimeControl "180+1"]
[EndTime "11:22:05 PST"]
[Termination "sboshaon21 won by resignation"]

1. e4 e5 2. Nf3 Nc6 3. d4 exd4 4.
c3 d3 5. Bxd3 d5 6. exd5 Qxd5 7.
O-O Be6 8. c4 Qd7 9. Be4 O-O-O 10. Qxd7+ Bxd7 11. b3 Nf6 12. Nc3 Nxe4 13. Nxe4 f6 14.
Be3 Bg4 15. Nfd2 Ne5 16. f3 Bh5 17. Rfd1 Be7 18. Bc5 Bxc5+ 19. Nxc5 Rhe8 20. Nde4 Bf7 21. Kf2 b6 22. Na4 h6 23. Nac3 f5 24. Ng3 g6 25.
Nd5 Rd6 26. h4 h5 27. Ne2 Red8 28. Nef4 Kb7 29. Ne3 Nd3+ 30. Nxd3 Rxd3 31. Rxd3 Rxd3 32. Rd1 Rxd1 33. Nxd1 Kc6 34. Ke3 Kc5 35. Nc3 a5 36. Nb5 c6 37. Nc7 Kb4 38. Na8 b5 39. cxb5 cxb5 40.
Nc7 a4 41. bxa4 bxa4 42. Kd4 Bxa2 43. Ne8 a3 44. Nd6 Bg8 0-1

[Event "*** Titled Tuesday Blitz"]
[Site "Chess.com"]
[Date "2020.11.24"]
[Round "6"]
[White "HouseOfDurin"]
[Black "Vulcanochess"]
[Result "0-1"]
[WhiteElo "2127"]
[BlackElo "2331"]
[TimeControl "180+1"]
[EndTime "11:22:06 PST"]
[Termination "Vulcanochess won on time"]

1. d4 c5 2. d5 Nf6 3. Bg5 e6 4. e4 h6 5. Bxf6 Qxf6 6. Nc3 a6 7. Nf3 d6 8. dxe6 Bxe6 9. Nd5 Bxd5 10. Qxd5 Qxb2 11. Rd1 Qb4+ 12. c3 Qxc3+ 13. Nd2 Nc6 14. Bc4 Qf6 15. O-O Be7 16. e5 dxe5 17. Ne4 Qg6 18. Nxc5 O-O 19. Nxb7 Rfb8 20. Qd7 Ra7 21. Rb1 Nb4 22. Qxe7 Raxb7 0-1

[Event "*** Titled Tuesday Blitz"]
[Site "Chess.com"]
[Date "2020.11.24"]
[Round "6"]
[White "ViktoriyaTarasova"]
[Black "Orest_Vovk"]
[Result "0-1"]
[WhiteElo "2295"]
[BlackElo "2537"]
[TimeControl "180+1"]
[EndTime "11:22:07 PST"]
[Termination "Orest_Vovk won on time"]

1. d4 e5 2. dxe5 Nc6 3. e3 Nxe5 4. f4 Nc6 5. c4 Nf6 6. Nc3 Bb4 7. Ne2 O-O 8. a3 Be7 9. e4 a6 10. g3 Bc5 11. h3 d6 12. Bg2 Re8 13. Qd3 Be6 14.
b3 Ba7 15. Be3 Bxe3 16. Qxe3 b5 17. Qd3 bxc4 18. bxc4 Nd7 19. e5 Nc5 20. Qf3 Bd7 21.
exd6 cxd6 22. O-O Rb8 23. Rfd1 Na5 24. Rxd6 Nxc4 25. Rdd1 Ne3 26. Rd6 Nxg2 27. Kxg2 Rb2 0-1

[Event "*** Titled Tuesday Blitz"]
[Site "Chess.com"]
[Date "2020.11.24"]
[Round "6"]
[White "guillembaches"]
[Black "FMOlexandrProhorov"]
[Result "1-0"]
[WhiteElo "2398"]
[BlackElo "2187"]
[TimeControl "180+1"]
[EndTime "11:22:08 PST"]
[Termination "guillembaches won on time"]

1. e4 c5 2. Nf3 e6 3. c4 Nc6 4. Nc3 a6 5. d4 cxd4 6. Nxd4 Nf6 7. Nxc6 dxc6 8. Qxd8+ Kxd8 9. e5 Nd7 10. Bf4 Kc7 11.
O-O-O b5 12. Ne4 Nb6 13. Nd6 Bxd6 14. Rxd6 Bb7 15. Be2 Rad8 16. Rhd1 Rxd6 17. exd6+ Kd7 18. c5 Nd5 19. Bd2 f6 20. Bg4 h5 21. Bh3 g5 22. g3 g4 23. Bg2 h4 24. Be4 hxg3 25.
hxg3 Rh2 26. Bxd5 cxd5 27. Be3 e5 28. Bd2 Rxf2 29. Rh1 Kc6 30. b4 d4 31. Rh7 e4 32.
Rc7+ Kd5 33. d7 Kc4 34. d8=Q e3 35. Bxe3 1-0

[Event "*** Titled Tuesday Blitz"]
[Site "Chess.com"]
[Date "2020.11.24"]
[Round "6"]
[White "Resignify"]
[Black "WonderChampion"]
[Result "1-0"]
[WhiteElo "2265"]
[BlackElo "2039"]
[TimeControl "180+1"]
[EndTime "11:22:08 PST"]
[Termination "Resignify won by resignation"]

1. e4 c6 2. d4 d5 3. Nd2 dxe4 4. Nxe4 e6 5. Nf3 Nf6 6. Bd3 Be7 7. O-O h6 8. Nxf6+ Bxf6 9. c3 O-O 10. Re1 Kh8 11. Bc2 Be7 12. Qd3 f5 13. Ne5 Rf6 14. Qh3 Nd7 15. Bg5 Nxe5 16. Bxf6 Bxf6 17. dxe5 Bg5 18. Rad1 Qe7 19. Rd6 Bf4 20. Qd3 b6 21. g3 Bg5 22. f4 Bh4 23. gxh4 Qxh4 24. Qg3 Qe7 25. Red1 c5 26. Qg6 Ba6 27. Rd7 Qf8 28. Rf7 Qg8 29. Rdd7 Rd8 30. Rxd8 1-0

[Event "*** Titled Tuesday Blitz"]
[Site "Chess.com"]
[Date "2020.11.24"]
[Round "6"]
[White "YIYUKI"]
[Black "Grieve72"]
[Result "0-1"]
[WhiteElo "2330"]
[BlackElo "2410"]
[TimeControl "180+1"]
[EndTime "11:22:09 PST"]
[Termination "Grieve72 won by resignation"]

1. e4 c5 2. Nf3 e6 3. d4 cxd4 4. Nxd4 Nc6 5. Nc3 Qc7 6. f4 Nxd4 7. Qxd4 b6 8. Be3 Bb7 9. Qd2 Nf6 10. Bd3 Bb4 11. Bd4 Nxe4 12. Bxe4 Bxe4 13. Bxg7 Rg8 14. Be5 Qc6 15. Qe3 Rxg2 16. a3 Bxc3+ 17. Bxc3 Bf3 18. Rf1 Re2+ 19. Qxe2 Bxe2 20. Kxe2 Qe4+ 21. Kd2 Qg2+ 22. Kd3 Qh3+ 23. Kd2 Qxh2+ 24. Kd3 Qh3+ 25. Kd2 Rc8 26. Rae1 Rc5 27. Kc1 Rxc3 28. bxc3 Qxc3 29. f5 Qxa3+ 30. Kb1 Qb4+ 31. Kc1 a5 32. fxe6 fxe6 33. Re3 a4 34. Rff3 Ke7 35. Rh3 Kd6 36. Rd3+ Kc6 37.
Rxh7 a3 38. Rdxd7 Qb2+ 39. Kd2 a2 40. Rc7+ Kb5 41. Rh5+ e5 0-1

[Event "*** Titled Tuesday Blitz"]
[Site "Chess.com"]
[Date "2020.11.24"]
[Round "6"]
[White "CakeinSpace2002"]
[Black "Marina_Chess_Rus"]
[Result "1-0"]
[WhiteElo "2393"]
[BlackElo "2285"]
[TimeControl "180+1"]
[EndTime "11:22:09 PST"]
[Termination "CakeinSpace2002 won by checkmate"]

1. c4 e5 2. Nc3 Nf6 3. g3 d5 4.
cxd5 Nxd5 5. Bg2 Nb6 6. Nf3 Nc6 7. O-O Be7 8. d3 O-O 9. Be3 Be6 10. a3 f6 11. b4 Nd5 12. Nxd5 Bxd5 13. Nd2 Bxg2 14. Kxg2 Qd5+ 15. f3 Nd4 16. Bxd4 exd4 17. Qb3 Rad8 18. Rac1 c6 19. Rc4 Kh8 20. Rc2 f5 21. Qxd5 Rxd5 22.
h3 a5 23. bxa5 Rxa5 24. Rb1 Bxa3 25. Rxb7 Ra6 26. Rc7 c5 27. g4 Re6 28. Kf2 fxg4 29.
hxg4 Rh6 30. Ne4 Rg6 31. Kg3 h5 32. g5 Bb4 33. Ra2 Kh7 34. Raa7 Kh8 35. Kh4 Rb6 36. Rxg7 Rf4+ 37. Kxh5 Rb8 38. Rh7+ Kg8 39. Nf6+ Rxf6 40. gxf6 Bd2 41. Rag7+ Kf8 42. Rh8# 1-0

[Event "*** Titled Tuesday Blitz"]
[Site "Chess.com"]
[Date "2020.11.24"]
[Round "6"]
[White "FMAntonio"]
[Black "DonPreuss"]
[Result "0-1"]
[WhiteElo "2351"]
[BlackElo "2251"]
[TimeControl "180+1"]
[EndTime "11:22:09 PST"]
[Termination "DonPreuss won on time"]

1. e4 e5 2. Nf3 d5 3. Nxe5 Bd6 4. d4 dxe4 5. Nc4 Ne7 6. Nc3 f5 7. Nxd6+ cxd6 8. d5 O-O 9. Qd4 Ng6 10. Be2 Nd7 11.
g4 Nh4 12. gxf5 Ne5 13. Qxe4 Bxf5 14. Qb4 Nhf3+ 15. Kd1 Qf6 16. Be3 Qg6 17. Bxf3 Bxc2+ 18. Kd2 Nxf3+ 19. Kc1 Bd3 20. Rd1 Rac8 21. Qxb7 Bc2 22. Rd2 Nxd2 23. Kxd2 Qd3+ 24. Ke1 Rxc3 25. bxc3 Qxc3+ 26. Ke2 Bd3+ 0-1

[Event "*** Titled Tuesday Blitz"]
[Site "Chess.com"]
[Date "2020.11.24"]
[Round "6"]
[White "cstevens1"]
[Black "Guachiney"]
[Result "0-1"]
[WhiteElo "2579"]
[BlackElo "2767"]
[TimeControl "180+1"]
[EndTime "11:22:10 PST"]
[Termination "Guachiney won on time"]

1. e4 c5 2. Nf3 d6 3. d4 cxd4 4. Nxd4 Nf6 5. f3 Nc6 6. c4 Qb6 7. Nb3 e6 8. Nc3 Be7 9. Qe2 O-O 10. Be3 Qc7 11. Qd2 Rd8 12. Rc1 b6 13. Nd5 Qd7 14.
Nxe7+ Qxe7 15. Be2 Bb7 16. O-O d5 17. exd5 exd5 18.
c5 d4 19. Bf2 d3 20. Bd1 b5 21. Na5 Nxa5 22. Qxa5 Bc6 23. Bb3 Rd7 24. Rfd1 Rad8 25. Rd2 Nh5 26. Re1 Qg5 27. Be3 Qh4 28. Bf2 Qf6 29.
Qc3 Qg6 30. Kh1 Nf4 31. Bg3 Ne2 32. Qe5 h6 33. Bf2 a5 34. Qe3 Qf6 35. Bd1 Nf4 36. Bg3 g5 37. Bxf4 gxf4 38. Qf2 a4 0-1

[Event "*** Titled Tuesday Blitz"]
[Site "Chess.com"]
[Date "2020.11.24"]
[Round "6"]
[White "JiiHart"]
[Black "OscarAng"]
[Result "0-1"]
[WhiteElo "2079"]
[BlackElo "2372"]
[TimeControl "180+1"]
[EndTime "11:22:10 PST"]
[Termination "OscarAng won by checkmate"]

1. e4 d5 2. exd5 Qxd5 3. Nc3 Qa5 4. d4 c6 5. Bc4 Nf6 6. Bd2 Bf5 7. Nf3 Nbd7 8. Qe2 e6 9. Bb3 Qc7 10. h3 Bb4 11. g4 Bg6 12. Ne5 Nxe5 13. dxe5 Nd7 14. f4 O-O-O 15. O-O-O h5 16. Rhf1 hxg4 17. hxg4 Bxc3 18.
Bxc3 Nc5 19. Qe3 Rxd1+ 20. Rxd1 Qb6 21. Bd4 Nxb3+ 22. axb3 Qa5 23. f5 Qa1+ 24. Kd2 Rh2+ 25. Kc3 Qxd1 26. fxg6 Rxc2+ 27. Kb4 fxg6 28. Bc3 a5+ 29.
Kxa5 Qd5+ 30. Kb4 Qb5+ 31. Ka3 Qa6+ 32. Kb4 b6 33. Bd4 Qa5# 0-1

[Event "*** Titled Tuesday Blitz"]
[Site "Chess.com"]
[Date "2020.11.24"]
[Round "6"]
[White "vovachesss"]
[Black "elamier"]
[Result "1-0"]
[WhiteElo "2671"]
[BlackElo "2373"]
[TimeControl "180+1"]
[EndTime "11:22:11 PST"]
[Termination "vovachesss won by checkmate"]

1. e4 c5 2. c3 d5 3. exd5 Qxd5 4. Nf3 Nf6 5. d4 cxd4 6. cxd4 Qd8 7. Nc3 g6 8. Bc4 Bg7 9. O-O O-O 10. h3 Nc6 11. a3 b6 12. Re1 Bb7 13. Bg5 Na5 14. Ba2 Rc8 15. Ne5 Nd5 16. Nxd5 Bxd5 17. Bxe7 Qxe7 18. Nxg6 Qg5 19. Ne7+ Kh8 20. Nxd5 Nc4 21. Qf3 Bxd4 22. Rac1 Ne5 23. Qd1 Rxc1 24. Qxc1 Nf3+ 25. Kh1 Qh5 26. Re4 Ng5 27. Rxd4 Nxh3 28. Qc3 Nxf2+ 29. Kg1 f6 30. Kxf2 Re8 31. Rf4 Re2+ 32. Kg1 Kg8 33. Nxf6+ Kf8 34. Nxh5+ Ke7 35. Qf6+ Kd7 36. Rd4+ Kc7 37. Qd8+ Kc6 38. Qd7+ Kc5 39. Qd5# 1-0

[Event "*** Titled Tuesday Blitz"]
[Site "Chess.com"]
[Date "2020.11.24"]
[Round "6"]
[White "dosto07"]
[Black "SanchezKelvin"]
[Result "0-1"]
[WhiteElo "2317"]
[BlackElo "2457"]
[TimeControl "180+1"]
[EndTime "11:22:11 PST"]
[Termination "SanchezKelvin won by checkmate"]

1. d4 Nf6 2. Nf3 c5 3. d5 g6 4. Nc3 Bg7 5. e4 d6 6. Bb5+ Nfd7 7. a4 O-O 8. O-O Na6 9. Re1 Nc7 10. Bc4 Ne5 11.
Nxe5 Bxe5 12. Bh6 Bg7 13. Bxg7 Kxg7 14. Qd2 f6 15. Rad1 Bd7 16. f4 a6 17. Qd3 Rb8 18.
a5 b5 19. axb6 Rxb6 20. b3 Nb5 21. e5 fxe5 22. fxe5 Bf5 23. Ne4 dxe5 24. Bxb5 axb5 25. Qc3 Bxe4 26. Qxe5+ Rbf6 27. Rxe4 Rf7 28. d6 exd6 29. Qb2 d5 30. Re6 d4 31. Rxf6 Rxf6 32. b4 Qe7 33. bxc5 Qe3+ 34. Kh1 Re6 35. h3 Re4 36. c6 Qc3 37.
Qxb5 Qxc2 38. Rxd4 Qc1+ 39. Kh2 Qf4+ 40. Kg1 Rxd4 41.
Qb2 Qe3+ 42. Kh1 Qe1+ 43. Kh2 Qe5+ 44. Kh1 Rd1# 0-1

[Event "*** Titled Tuesday Blitz"]
[Site "Chess.com"]
[Date "2020.11.24"]
[Round "6"]
[White "Marty435"]
[Black "Dinamo3"]
[Result "0-1"]
[WhiteElo "2522"]
[BlackElo "2418"]
[TimeControl "180+1"]
[EndTime "11:22:12 PST"]
[Termination "Dinamo3 won on time"]

1. b3 e5 2. Bb2 d6 3. e3 f5 4. c4 Nf6 5. Nc3 g6 6. d4 Bg7 7. dxe5 dxe5 8. Qxd8+ Kxd8 9. O-O-O+ Bd7 10. Nf3 e4 11.
Ne5 Ke8 12. Nb5 Bxb5 13. cxb5 Nfd7 14. Nc4 Bxb2+ 15. Kxb2 a6 16. b6 Nxb6 17. Nxb6 cxb6 18. Bc4 Nc6 19. Rd6 Rd8 20. Re6+ Kd7 21. Rf6 Kc7 22. Rc1 Rd2+ 23. Rc2 Rxc2+ 24. Kxc2 Rd8 25. Rf7+ Rd7 26.
Kc3 Rxf7 27. Bxf7 Kd6 28. Bg8 Ne7 29. Bf7 Ke5 30. Be8 h6 31. b4 g5 32. a4 f4 33. Kd2 fxe3+ 34. fxe3 Nd5 35. b5 a5 36. Bd7 Ne7 37. Kc3 Kd5 38. g3 Kc5 39. Be6 h5 40. h3 h4 41. g4 Ng6 42. Bf5 Ne5 43. Bxe4 Nc4 44. Bxb7 Nxe3 45. Ba8 Nd1+ 0-1

[Event "*** Titled Tuesday Blitz"]
[Site "Chess.com"]
[Date "2020.11.24"]
[Round "6"]
[White "Zhani-Z"]
[Black "OMGCovid-19"]
[Result "1-0"]
[WhiteElo "2523"]
[BlackElo "1869"]
[TimeControl "180+1"]
[EndTime "11:22:13 PST"]
[Termination "Zhani-Z won on time"]

1. e4 e6 2. d4 d5 3. Bd3 c5 4. exd5 exd5 5. Nf3 Nf6 6. O-O Be7 7. dxc5 O-O 8. h3 Bxc5 9. Nc3 Be6 10. Bg5 Nbd7 11. Qd2 a6 12. Rad1 b5 13. Rfe1 Qc7 14. Bf4 Qb6 15. Ne5 Rac8 16. Nxd7 Nxd7 17. Bf1 Nf6 18. Be5 Be7 19. Bd4 Qc7 20. Bd3 b4 21. Ne2 a5 22.
Nf4 Ne4 23. Bxe4 dxe4 24. Nxe6 fxe6 25. Rxe4 Qxc2 26. Rxe6 Bh4 27. g3 Qxd2 28. Rxd2 Bg5 29. Rde2 Rc1+ 30. Kg2 Rd8 31. Be5 Kf7 32. Ra6 Rdd1 33.
Ra7+ Kg6 34. Rxg7+ Kh6 35. Rxg5 1-0

[Event "*** Titled Tuesday Blitz"]
[Site "Chess.com"]
[Date "2020.11.24"]
[Round "6"]
[White "chenxiaoyuer"]
[Black "Sergienko_Sergey"]
[Result "1/2-1/2"]
[WhiteElo "2496"]
[BlackElo "2340"]
[TimeControl "180+1"]
[EndTime "11:22:13 PST"]
[Termination "Game drawn by repetition"]

1. e4 c5 2. Nf3 a6 3. g3 Nc6 4. Bg2 g6 5. d4 cxd4 6. Nxd4 Bg7 7. Ne2 Nf6 8. O-O O-O 9. Nbc3 d6 10. Nd5 Nxd5 11.
exd5 Ne5 12. Be3 Ng4 13. Bd4 Bxd4 14. Qxd4 Nf6 15. a4 Bf5 16. c4 a5 17. Nc3 Rc8 18. Rfe1 Qd7 19. Re3 Ng4 20. Re2 Ne5 21. b3 Bh3 22.
Rae1 Bxg2 23. Kxg2 Rfe8 24. f4 Ng4 25. Ne4 Nh6 26.
Ng5 Nf5 27. Qd3 h6 28. Nf3 e6 29. dxe6 Rxe6 30. Rxe6 fxe6 31. Nd4 Nxd4 32. Qxd4 Kf7 33. Qe3 Re8 34. Kg1 Qc6 35. Qd4 Qc5 36. Qxc5 dxc5 37.
Rd1 e5 38. fxe5 Rxe5 39. Rd6 Re6 40. Rd7+ Re7 41. Rd6 Re6 42. Rd7+ Re7 43. Rd6 Re6 1/2-1/2